Map: Orbital Shipyard

Players

Pseudorandom

miwa - Winner!

  • Race: Zerg Zerg

VOD

http://www.twitch.tv/pseudorandom63/b/646849655

Description

Time

  • Played on: April 7, 2015, 12:39 a.m.
  • Length: 4:40
Show
View Real Time Build Order
Export as new Build Order

Pseudorandom Zerg 

Build Orders: Hatch First, Ravager All-In 

Get SALT Encoding   

  12  0:00  Drone  
  13  0:12  Overlord  
  13  0:17  Drone  
  14  0:30  Drone  
  14  0:31  Drone  
  16  0:36  Drone  
  17  0:45  Drone  
  18  0:54  Hatchery  
  17  0:58  Drone  
  17  0:59  Extractor  
  17  1:08  Drone  
  18  1:17  Spawning Pool  
  18  1:18  Drone  
  18  1:30  Drone  
  19  1:42  Overlord  
  19  1:53  Evolution Chamber  
  18  2:03  Zergling x2  
  18  2:04  Queen  
  18  2:05  Queen  
  18  2:06  Drone  
  18  2:07  Drone  
  25  2:12  Metabolic Boost  
  25  2:20  Drone  
  26  2:23  Extractor  
  26  2:29  Drone x3  
  28  2:33  Drone  
  29  2:41  Zerg Melee Weapons Level 1  
  29  2:45  Drone  
  29  2:49  Roach Warren  
  28  2:59  Drone x3  
  28  3:03  Overlord  
  31  3:17  Overlord  
  31  3:29  Roach x2  
  31  3:34  Overlord  
  35  3:37  Roach x3  
  35  3:41  Drone  
  42  3:51  Ravager x2  
  42  3:54  Zergling x10  
  51  3:57  Ravager  
  52  4:04  Overlord  
  52  4:08  Ravager  
  51  4:11  Zergling x2  
  51  4:16  Overlord  
  52  4:23  Ravager  
Show
View Real Time Build Order
Export as new Build Order

miwa Zerg - Winner!

Build Orders: Hatch First, Ravager All-In 

Get SALT Encoding   

  12  0:00  Drone  
  13  0:12  Overlord  
  13  0:17  Drone  
  14  0:30  Drone  
  14  0:31  Drone  
  14  0:35  Drone  
  17  0:58  Hatchery  
  17  1:01  Drone x2  
  18  1:05  Extractor  
  18  1:09  Drone  
  18  1:19  Spawning Pool  
  18  1:21  Drone  
  18  1:29  Drone  
  19  1:38  Overlord  
  19  1:50  Drone  
  20  2:06  Queen  
  20  2:07  Zergling x2  
  20  2:08  Metabolic Boost  
  23  2:09  Queen  
  23  2:10  Drone  
  26  2:17  Drone  
  26  2:22  Drone x2  
  29  2:31  Drone  
  29  2:35  Extractor  
  29  2:36  Roach Warren  
  28  2:38  Drone  
  28  2:42  Drone  
  31  2:44  Drone  
  31  2:53  Drone  
  31  2:56  Overlord  
  31  3:03  Overlord  
  31  3:16  Roach  
  31  3:18  Roach x3  
  31  3:19  Roach  
  41  3:21  Roach  
  41  3:22  Roach  
  45  3:27  Overlord  
  45  3:31  Overlord  
  45  3:37  Zergling x4  
  47  3:41  Zergling x2  
  47  3:42  Zergling x2  
  47  3:47  Zergling x4  
  51  3:52  Zergling x4  
  53  4:00  Zergling x8  
  57  4:10  Ravager x4  
  57  4:12  Zergling x2  
  57  4:13  Zergling x4  
  64  4:17  Overlord  
  64  4:21  Ravager  
  64  4:22  Zergling x2  
Tags
 
Add a new tag
Caveats
  • Supply blocks, unpowered buildings, or Contaminate may cause inaccurate times.
  • Supply counts are checked every 10 seconds.